 Dungeon Crawl Stone Soup version 0.32-a0-938-g40ac7a0f4d (webtiles) character file.

Game seed: 9994720641299134321

328 Autsider the Sneak (level 6, -2/41 HPs)
             Began as a Human Hedge Wizard on Apr 15, 2024.
             Slain by a black bear (4 damage)
             ... on level 5 of the Dungeon.
             The game lasted 00:14:26 (5370 turns).

Autsider the Sneak (Human Hedge Wizard)             Turns: 5370, Time: 00:14:27

Health: -2/41      AC:  6    Str: 11    XL:     6   Next: 50%
Magic:  3/10       EV: 11    Int: 16    God:
Gold:   169        SH:  0    Dex: 12    Spells: 5/11 levels left

rFire   . . .        (no weapon)
rCold   + . .        (no shield)
rNeg    . . .        f - +1 robe {rC+}
rPois   .            c - +0 hat
rElec   .            (no cloak)
rCorr   .            k - +2 pair of gloves
SInv    .            (no boots)
Will    .....        p - amulet of regeneration
Stlth   ++           (no ring)
HPRegen 1.06/turn    (no ring)
MPRegen 0.12/turn

%: no passive effects
@: lethally poisoned (-2 -> -12)
A: explore regen
a: no special abilities


You were on level 5 of the Dungeon.
You visited 1 branch of the dungeon, and saw 5 of its levels.

You collected 169 gold pieces.

Inventory:

Hand Weapons
 a - a +0 dagger
 e - a +0 whip
 l - a +2 sling of flaming
Missiles
 m - a throwing net
Armour
 c - a +0 hat (worn)
 f - a +1 robe of cold resistance (worn)
 k - a +2 pair of gloves (worn)
 A - a +1 ring mail of cold resistance
Jewellery
 b - a ring of ice
 p - an amulet of regeneration (around neck)
Scrolls
 i - 4 scrolls of teleportation {unknown}
 j - 2 scrolls of immolation {unknown}
 n - a scroll of noise {unknown}
 q - 2 scrolls of blinking {unknown}
 r - 6 scrolls of identify {unknown}
 u - a scroll of amnesia {unknown}
 w - a scroll of revelation {unknown}
 y - a scroll of vulnerability {unknown}
Potions
 d - a potion of magic
 g - 2 potions of curing {unknown}
 h - 3 potions of invisibility
 o - a potion of might {unknown}
 s - 4 potions of enlightenment {unknown}
 t - a potion of mutation {unknown}
 v - a potion of attraction {unknown}
 x - a potion of cancellation {unknown}
 z - a potion of heal wounds {unknown}


   Skills:
 - Level 2.0 Dodging
 - Level 4.0 Stealth
 - Level 3.0 Spellcasting
 - Level 4.0 Conjurations
 + Level 2.2 Summonings
 - Level 1.0 Translocations
 + Level 1.7 Air Magic
 + Level 1.9 Alchemy


You had 5 spell levels left.
You knew the following spells:

 Your Spells              Type           Power      Damage    Failure   Level
a - Magic Dart            Conj           60%        1d6       3%          1
w - Mephitic Cloud        Conj/Alch/Air  10%        N/A       21%         3
A - Call Imp              Summ           18%        N/A       11%         2

Your spell library contained the following spells:

 Spells                   Type           Power      Damage    Failure   Level
 Cigotuvi's Dreadful Rot  Necr/Alch/Air  12%        N/A       17%         2
 Slow                     Hex            8%         N/A       19%         1
 Blink                    Tloc           10%        N/A       19%         2
 Volatile Blastmotes      Fire/Tloc      8%         2d10      41%         3
 Passwall                 Erth           2%         N/A       50%         3
 Vhi's Electric Charge    Tloc/Air       12%        N/A       71%         4
 Bombard                  Conj/Erth      4%         9d2       100%        6


Dungeon Overview and Level Annotations

Branches:
Dungeon (5/15)
 Temple: D:4-7

Altars:

Annotations:
D:1 2 transporters
D:2 exclusion: downstairs
D:3 exclusion: downstairs
D:4 Grinder
D:5 exclusion: water moccasin


Innate Abilities, Weirdness & Mutations

You regain HP and MP as you explore.


Message History

Press: ? - help, Shift-Dir - straight line, f/p - killer bee
Aim: a killer bee (heavily wounded, 100% to hit)
The magic dart hits the killer bee.
The killer bee is severely wounded.
The killer bee stings you but does no damage.
The killer bee misses you.
Casting: Magic Dart (safe; 3% risk of failure)
Confirm with . or Enter, or press ? or * to list all spells.
Aiming: Magic Dart (safe; 3% risk of failure)
Press: ? - help, Shift-Dir - straight line, f/p - killer bee
Aim: a killer bee (severely wounded, 100% to hit)
The magic dart hits the killer bee.
The killer bee is almost dead.
The killer bee stings you!
* * * LOW HITPOINT WARNING * * *
You are poisoned.
The killer bee poisons you! The killer bee closely misses you.
You closely miss the killer bee.
The killer bee is almost dead.
You feel sick. The killer bee closely misses you. The killer bee stings you!
* * * LOW HITPOINT WARNING * * *
You closely miss the killer bee.
The killer bee is almost dead.
You feel sick. The killer bee barely misses you.
The killer bee stings you but does no damage.
The black bear bites you but does no damage.
The black bear claws you.
* * * LOW HITPOINT WARNING * * *
The black bear claws you but does no damage.
You barely miss the killer bee.
The killer bee is almost dead.
You feel sick. The killer bee stings you.
* * * LOW HITPOINT WARNING * * *
You are lethally poisoned!
The killer bee poisons you! The killer bee stings you.
* * * LOW HITPOINT WARNING * * *
You are more poisoned.
The killer bee poisons you! The black bear completely misses you.
The black bear claws you.
You die...

#§# .... #..# #.# #..#
#.######################...
#.........#..'>........'...
#.........#..#.........#...
#.........####.........#>..
#......................#...
#.####.).h)............#..#
#.# #...y@(...........#...
#.# #####.............#...
#.'......##########....#...
#.#...... #....#...
#.#.S.... #....#... ..#
##### #....#### ### ######


You could see a black bear and a killer bee.

Vanquished Creatures
  2 jellies (D:5)
  A sleepcap (D:5)
  3 adders
  2 ufetubi (D:5)
  2 dart slugs
  3 orcs
  6 endoplasms (D:1)
  4 giant cockroaches
  5 goblins
  6 hobgoblins
  9 jackals
  3 quokkas
  6 ball pythons
  5 bats
  4 frilled lizards
  10 kobolds
  4 rats
  A butterfly (D:1)
76 creatures vanquished.

Vanquished Creatures (collateral kills)
  A bombardier beetle (D:5)
  2 jellies
  An iguana (D:5)
  A white imp (D:4)
5 creatures vanquished.

Grand Total: 81 creatures vanquished

Notes
Turn   | Place    | Note
-------+----------+-------------------------------------------
     0 | D:1      | Autsider the Human Hedge Wizard began the quest for the
                  | Orb.
     0 | D:1      | Reached XP level 1. HP: 13/13 MP: 4/4
   336 | D:1      | Reached XP level 2. HP: 16/19 MP: 1/6
   755 | D:1      | Reached XP level 3. HP: 24/24 MP: 7/7
   966 | D:1      | Ugh, fogot point 3
  1965 | D:2      | Learned a level 2 spell: Call Imp
  1969 | D:2      | Learned a level 3 spell: Mephitic Cloud
  3132 | D:2      | Reached XP level 4. HP: 30/30 MP: 2/8
  3695 | D:3      | Noticed an ogre
  4407 | D:4      | Reached skill level 1 in Air Magic
  4407 | D:4      | Reached skill level 1 in Alchemy
  4407 | D:4      | Reached XP level 5. HP: 30/35 MP: 0/9
  4540 | D:4      | Noticed Grinder
  4580 | D:5      | Entered Level 5 of the Dungeon
  4734 | D:5      | Noticed a water moccasin
  4766 | D:5      | Reached XP level 6. HP: 24/41 MP: 0/10
  5344 | D:5      | Noticed a black bear
  5370 | D:5      | HP: 2/41 [killer bee (3)]
  5370 | D:5      | Slain by a black bear

Illustrated notes

#...#.bb....# #. #.#
#...#.......#.# . #.#
#####...b...#...#.# #.#
#..b..#.#.#b#####.#
.....b..#.#........
#.#######.#.#####.# #.#
#.#.# .#
#.#######.#######.######
†...............@....)..
#.#######.#######.######
#.#######.# ?#
#.........# †.
#########.# .## ### ##


Turn 966 on D:1: Ugh, fogot point 3

Levels and vault maps discovered:
D:1:      spicycebolla_arrival_transporter_tutorial, layout_basic,
          hangedman_glass_garden, minmay_liquid_box, minmay_box_of_dots
D:2:      layout_basic, serial_bayou_pond_c, minmay_unequal
D:3:      layout_basic
D:4:      layout_basic, uniq_menkaure, uniq_grinder, uniq_ijyb
D:5:      layout_gridville, slow_altar_1, mainiacjoe_overflow_alcove_1,
          kennysheep_dice, uniq_eustachio, uniq_crazy_yiuf_cottage

Skill      XL: |  1  2  3  4  5  6 |
---------------+-------------------+-----
Conjurations   | 2 3 4 |  4.0
Stealth        | 3 4 |  4.0
Air Magic      | 1 |  1.7
Alchemy        | 1 |  1.9
Summonings     | 2 |  2.2
Dodging        | |  2.0
Spellcasting   | |  3.0
Translocations | |  1.0

Action                     |  1- 3 |  4- 6 || total
---------------------------+-------+-------++-------
  Melee: Dagger            |    17 |       ||    17
         Unarmed           |     6 |    14 ||    20
   Fire: Sling             |    44 |       ||    44
   Cast: Magic Dart        |   114 |   129 ||   243
         Call Imp          |     1 |     9 ||    10
 Armour: Robe              |    50 |    78 ||   128
  Dodge: Dodged            |    67 |    63 ||   130

Table legend: (Time is in decaauts)
 A = Elapsed time spent in this place.
 B = Non-inter-level travel time spent in this place.
 C = Inter-level travel time spent in this place.
 D = Time resting spent in this place.
 E = Time spent auto-exploring this place.
 F = Levels seen in this place.
 G = Mean time per level.
                   A        B        C        D        E       F      G
               +--------+--------+--------+--------+--------+-----+--------+
         Total |   5399 |   5104 |    295 |    283 |   3420 |   5 | 1079.8 |
       Dungeon |   5399 |   5104 |    295 |    283 |   3420 |   5 | 1079.8 |
               +--------+--------+--------+--------+--------+-----+--------+

Top non-repeatable levels by time:
     D:1: 2174 daAuts
     D:2: 1317 daAuts
     D:5: 789 daAuts
     D:3: 703 daAuts
     D:4: 414 daAuts
